 Dungeon Crawl Stone Soup version 0.31-a0-152-g6aa68a64a1 (webtiles) character file.

Game seed: 5187932279132257468

217 qw the Chopper (level 5, -6/33 HPs)
             Began as a Gargoyle Fighter on June 10, 2023.
             Mangled by an ogre
             ... wielding a +0 giant club
              (17 damage)
             ... on level 4 of the Dungeon.
             The game lasted 00:01:36 (2897 turns).

qw the Chopper (Gargoyle Fighter)                   Turns: 2897, Time: 00:01:37

Health: -6/33      AC: 14    Str: 22    XL:     5   Next: 94%
Magic:  5/5        EV:  8    Int:  8    God:
Gold:   264        SH:  9    Dex:  9    Spells: 4/4 levels left

rFire   . . .        Y - +3 war axe
rCold   . . .        c - +0 buckler
rNeg    + . .        f - +0 chain mail
rPois   inf          (no helmet)
rElec   +            j - +0 cloak
rCorr   .            (no gloves)
SInv    .            (no boots)
Will    .....        b - amulet of reflection Stlth
                     (no ring)
HPRegen 0.25/turn    (no ring)
MPRegen 0.09/turn

%: reflection
@: no status effects
A: sickness immunity, AC +4, negative energy resistance 1, electricity
resistance, torment resistance 1, petrification resistance
a: no special abilities


You were on level 4 of the Dungeon.
You visited 1 branch of the dungeon, and saw 4 of its levels.

You collected 264 gold pieces.


Innate Abilities, Weirdness & Mutations

You are immune to sickness and miasma.
Your stone body is resilient. (AC +4)
You are immune to poison.
You resist negative energy. (rN+)
You are resistant to electric shocks. (rElec)
You are resistant to unholy torment.
You are immune to petrification.


   Skills:
 - Level 4.0 Fighting
 + Level 5.1 Axes
 - Level 3.2 Armour
 - Level 3.2 Shields


You had 4 spell levels left.
You didn't know any spells.
Your spell library was empty.

Inventory:

Hand Weapons
 k - a +0 flail
 Y - a +3 war axe (weapon)
Missiles
 g - 2 boomerangs (quivered)
Armour
 c - a +0 buckler (worn)
 f - a +0 chain mail (worn)
 j - a +0 cloak (worn)
 l - a +0 plate armour
 o - a +1 helmet
Jewellery
 b - an amulet of reflection (around neck)
 q - a ring of ice
Scrolls
 h - a scroll of identify
 n - a scroll of fear {unknown}
 p - a scroll of torment {unknown}
Potions
 a - a potion of attraction
 d - a potion of might
 e - a potion of mutation {unknown}
 i - a potion of curing {unknown}
 m - a potion of cancellation {unknown}

Dungeon Overview and Level Annotations

Branches:
Dungeon (4/15)
 Temple: D:4-7

Altars:

Shops:
D:2 :   D:4 (


Message History

Enter note:
Enter note:
Enter note:
Enter note: You open the door.
A goblin, a quokka and an ogre come into view.
The ogre shouts!
Found a scroll labelled FEKHLE ME IKI.
Enter note:
Enter note:
Enter note:
Enter note:
Enter note:
Enter note:
Enter note:
Enter note:
Enter note:
Enter note:
Enter note:
Enter note:
Enter note:
Enter note:
Enter note:
Enter note:
Enter note:
Enter note: You slash the quokka!
You kill the quokka!
You hit the ogre.
The ogre is lightly wounded.
You block the ogre's attack.
You slash the ogre!
The ogre is heavily wounded.
The ogre hits you with a +0 giant club!!
Ouch! That really hurt!
You slash the ogre!
The ogre is almost dead.
The ogre hits you with a +0 giant club!
Ouch! That really hurt!
You die...

####.......#.#...#..#.##.##.....
#................#..............
######...................#..####
#....#### ... #.........
#....#?.# ... #.......##
#....#...##.# #.......#.
#....##..g#.# ##.........
##.#..##.O#.#+ ##........##
#.....###@..###.........#
##........8........#..####
##...###...###%.......... #..##
+#.#+ ##.......... #.## #.#
##.)#..#### #.# ##.## #.........
#.# ##...## #..##.####
#.####.....####.......
#...............%.......


You could see an ogre and a goblin.

Vanquished Creatures
  An orc priest (D:4)
  An orc wizard (D:4)
  4 gnolls
  4 adders
  2 worms
  A dart slug (D:2)
  3 orcs
  6 bats
  8 endoplasms
  5 giant cockroaches
  6 goblins
  7 hobgoblins
  3 jackals (D:4)
  5 kobolds
  3 quokkas
  5 ball pythons
  8 frilled lizards
  7 rats
79 creatures vanquished.

Notes
Turn   | Place    | Note
-------+----------+-------------------------------------------
     0 | D:1      | qw the Gargoyle Fighter began the quest for the Orb.
     0 | D:1      | Reached XP level 1. HP: 14/14 MP: 1/1
     0 | D:1      | 0 ||| qw: Version: 0.2-a-123-gb51047a
     0 | D:1      | 0 ||| qw: Game counter: 3787
     0 | D:1      | 0 ||| qw: Always use a shield: true
     0 | D:1      | 0 ||| qw: God list: Okawaru
     0 | D:1      | 0 ||| qw: Allow faded altars: false
     0 | D:1      | 0 ||| qw: Do Orc after D:15 true
     0 | D:1      | 0 ||| qw: Do second Lair branch before Depths: true
     0 | D:1      | 0 ||| qw: Lair rune preference: random
     0 | D:1      | 0 ||| qw: Plans: Normal, Zot:1-4, Slime:5, God:TSO, Crypt,
                  | Tomb, Abyss, Pan, Hells, Win
     0 | D:1      | 0 ||| PLANNING D:1-11
     9 | D:1      | Found a faded altar of an unknown god.
    26 | D:1      | Reached skill level 2 in Axes
   122 | D:1      | Reached XP level 2. HP: 19/19 MP: 2/2
   334 | D:1      | 334 ||| DROPPING +0 club.
   517 | D:1      | Reached skill level 3 in Axes
   517 | D:1      | Reached XP level 3. HP: 20/23 MP: 3/3
   530 | D:1      | 530 ||| DROPPING +0 whip.
  1097 | D:1      | 1097 ||| READING scroll labelled BYPANO HEOPP.
  1098 | D:1      | 1098 ||| READING scroll labelled YMYNEZ MIURUH.
  1099 | D:1      | 1099 ||| READING scroll labelled KAFEPE KYRUN.
  1100 | D:1      | 1100 ||| READING scroll labelled ROPLETUMMI.
  1101 | D:1      | 1101 ||| DRINKING 2 lumpy black potions.
  1132 | D:2      | Found Sifrujy's Vocational Training.
  1318 | D:2      | 1318 ||| FLEEEEING.
  1372 | D:2      | 1372 ||| Stepping ~*~*~tactically~*~*~ (stealth).
  1376 | D:2      | 1376 ||| Stepping ~*~*~tactically~*~*~ (stealth).
  1384 | D:2      | Reached XP level 4. HP: 24/28 MP: 4/4
  1390 | D:2      | HP: 7/28 [gnoll/sling bullet (5)]
  1391 | D:2      | 1391 ||| DRINKING potion of heal wounds.
  1396 | D:2      | Reached skill level 4 in Axes
  1623 | D:2      | 1623 ||| Stepping ~*~*~tactically~*~*~ (stealth).
  1654 | D:2      | 1654 ||| UPGRADING to +0 chain mail.
  1664 | D:2      | 1664 ||| DROPPING +0 scale mail.
  1665 | D:2      | 1665 ||| UPGRADING to +0 cloak.
  1670 | D:2      | 1670 ||| READING scroll labelled XUNYANT UFRUPSEO.
  1678 | D:2      | 1678 ||| READING 2 scrolls of identify.
  1678 | D:2      | 1678 ||| IDENTIFYING black potion
  2217 | D:3      | Reached XP level 5. HP: 32/32 MP: 5/5
  2420 | D:3      | 2420 ||| UPGRADING to amulet of reflection.
  2425 | D:3      | 2425 ||| READING 2 scrolls labelled TOLEPA KAMIDOM.
  2426 | D:3      | 2426 ||| READING scroll of enchant weapon.
  2426 | D:3      | 2426 ||| ENCHANTING +1 war axe.
  2523 | D:4      | Reached skill level 5 in Axes
  2601 | D:4      | 2601 ||| Stepping ~*~*~tactically~*~*~ (stealth).
  2727 | D:4      | 2727 ||| Stepping ~*~*~tactically~*~*~ (stealth).
  2734 | D:4      | 2734 ||| Stepping ~*~*~tactically~*~*~ (stealth).
  2735 | D:4      | 2735 ||| Stepping ~*~*~tactically~*~*~ (stealth).
  2736 | D:4      | 2736 ||| Stepping ~*~*~tactically~*~*~ (stealth).
  2740 | D:4      | 2740 ||| Stepping ~*~*~tactically~*~*~ (stealth).
  2741 | D:4      | 2741 ||| Stepping ~*~*~tactically~*~*~ (stealth).
  2774 | D:4      | 2774 ||| READING scroll of enchant weapon.
  2774 | D:4      | 2774 ||| ENCHANTING +2 war axe.
  2851 | D:4      | Found Jasyf's Antique Weapon Boutique.
  2893 | D:4      | Noticed an ogre
  2897 | D:4      | Mangled by an ogre

Levels and vault maps discovered:
D:1:      dpeg_arrival_tiny_d, layout_basic,
          hellmonk_ecumenical_altar_pennies_from_heaven, nicolae_eternal_life
D:2:      minmay_wonky_spiral, layout_basic, nicolae_shop_vocational
D:3:      layout_loops_ring, nicolae_elevator_lobby_asterisk
D:4:      cheibrodos_barr_body, layout_basic, lemuel_temple_firewalk_a,
          serial_shops, nicolae_shop_statue_plus

Skill      XL: |  1  2  3  4  5 |
---------------+----------------+-----
Axes           | 2 3 4 5 |  5.1
Fighting       | 4 |  4.0
Armour         | |  3.2
Shields        | |  3.2

Action                     |  1- 3 |  4- 6 || total
---------------------------+-------+-------++-------
  Melee: War axe           |   106 |   117 ||   223
  Throw: Boomerang         |       |    19 ||    19
    Use: Scroll            |     4 |     5 ||     9
         Potion            |     1 |     1 ||     2
 Armour: Scale mail        |    55 |     6 ||    61
         Chain mail        |       |    37 ||    37
  Dodge: Dodged            |    41 |    35 ||    76
  Block: Buckler           |    21 |    31 ||    52

Table legend:
 A = Non-vault XP
 B = Vault XP
 C = Vault XP percentage of total XP
 D = Non-vault monster count
 E = Vault monster count
 F = Vault count percentage of total count
                 A         B        C        D         E       F
            +---------+---------+-------+---------+---------+-------
      Total |     303 |       7 |   2.3 |      74 |       5 |   6.3
            +---------+---------+-------+---------+---------+-------
        D:1 |      51 |       0 |   0.0 |      25 |       0 |   0.0
        D:2 |      83 |       5 |   5.7 |      17 |       4 |  19.0
        D:3 |      29 |       0 |   0.0 |      16 |       0 |   0.0
        D:4 |     140 |       2 |   1.4 |      16 |       1 |   5.9
            +---------+---------+-------+---------+---------+-------
